AoeStats
← KND

Arabia

503260941Analyzed
1v1 RM · 1mo ago on Aug 30, 2026· 44m 2s· 2 players
Game mode
Random Map
Map size
Tiny (2 player)
Population
200
Speed
Normal
Resources
Standard
Victory
Conquest
Starting age
Dark Age
Ending age
Imperial Age
RankedLock teamsTeams togetherTeam positionsShared explorationLock speedFull tech treeHidden civsTurbo modeCheats
Victory
Defeat
🇺🇾 Mongols · Uruguay
1505
+17
🇧🇷 Malay · Brazil
1526
-17
URU | Ñapito
5:50 Loom
8:05 Feudal Age
7:26 Loom
8:38 Double-Bit Axe
13:49 Horse Collar
14:11 Gold Mining
16:51 Castle Age
15:37 Fletching
17:44 Bodkin Arrow
19:17 Husbandry
20:44 Bow Saw
22:52 Padded Archer Armor
27:08 Ballistics
33:36 Imperial Age
32:17 Thumb Ring
33:17 Leather Archer Armor
33:18 Bloodlines
34:07 Wheelbarrow
33:35 Heavy Plow
34:32 Bracer
35:35 Chemistry
37:06 Conscription
36:49 Stone Mining
36:38 Light Cavalry
38:03 Hand Cart
37:34 Town Watch
37:20 Hussar
38:07 Scale Barding Armor
38:49 Forging
38:29 Elite Mangudai
39:30 Chain Barding Armor
40:41 Forging
40:49 Masonry
42:25 Iron Casting
44:43 Hoardings
KND
8:02 Loom
10:07 Feudal Age
10:14 Double-Bit Axe
11:45 Horse Collar
19:19 Castle Age
17:56 Gold Mining
18:59 Forging
18:55 Scale Barding Armor
20:30 Husbandry
26:50 Wheelbarrow
27:47 Bow Saw
28:51 Heavy Plow
29:25 Fletching
33:40 Imperial Age
31:37 Ballistics
31:03 Light Cavalry
32:09 Elite Skirmisher
32:54 Bodkin Arrow
33:00 Padded Archer Armor
33:25 Hand Cart
32:59 Town Watch
33:58 Bracer
34:46 Conscription
36:07 Thumb Ring
36:35 Leather Archer Armor
36:56 Iron Casting
37:40 Chemistry
37:20 Masonry
38:52 Crop Rotation
39:03 Ring Archer Armor
41:26 Blast Furnace
41:21 Elite Karambit Warrior
42:16 Pikeman
42:58 Squires
Connection lost

Rejoining the realm…

Still unreachable

The connection could not be restored.

Session expired

The server has moved on; the page needs a fresh start.